 Dungeon Crawl Stone Soup version 0.30-a0-862-g1aabd4f9c5 (webtiles) character file.

Game seed: 11695601955961411490

5 Esekla the Sneak (level 1, -7/16 HPs)
             Began as an Octopode Delver on Mar 9, 2023.
             Killed by nerve-wracking pain
             ... invoked by an orc priest
              (10 damage)
             ... on level 5 of the Dungeon.
             The game lasted 00:02:09 (191 turns).

Esekla the Sneak (Octopode Delver)                   Turns: 191, Time: 00:02:10

Health: -7/16      AC:  1    Str: 11    XL:     1   Next: 80%
Magic:  1/1        EV: 13    Int: 12    God:
Gold:   0          SH:  0    Dex: 13    Spells: 0/0 levels left

rFire   . . .      SeeInvis .    a - +0 falchion
rCold   . . .      Faith    .    (no shield)
rNeg    . . .      Spirit   .    (helmet restricted)
rPois   .          Reflect  .    (no amulet)
rElec   .          Rampage  .    (no ring)
rCorr   .                        (no ring)
Will    .....                    (no ring)
Stlth   ++++                     (no ring)
HPRegen 0.22/turn                (no ring)
MPRegen 0.07/turn                (no ring)
                                 (no ring)
                                 (no ring)

@: hasted, very quick
A: almost no armour, amphibious, 8 rings, camouflage 1, gelatinous body 1,
(nimble swimmer 1), tentacles
a: no special abilities


You were on level 5 of the Dungeon.
You visited 1 branch of the dungeon, and saw 1 of its levels.

Inventory:

Hand Weapons
 a - a +0 falchion (weapon)
Wands
 f - a wand of digging (3)
Potions
 c - a potion of flight {unknown}


   Skills:
 * Level 3.0 Fighting
 * Level 2.0 Long Blades
 * Level 2.0 Dodging
 + Level 6.7 Stealth
 * Level 0.1 Spellcasting


You couldn't memorise any spells.
You didn't know any spells.
Your spell library was empty.

Dungeon Overview and Level Annotations

Branches:
Dungeon (5/15)
 Temple: D:4-7

Altars:
Ashenzari
Dithmenos
Ru
Trog


Innate Abilities, Weirdness & Mutations

You cannot wear most types of armour.
You are amphibious.
You can wear up to eight rings at the same time.
Your skin changes colour to match your surroundings (Stealth+).
Your rubbery body absorbs attacks. (AC +1, EV +1)
((You are camouflaged when in or above water. (Stealth+)))
You have tentacles for arms and can constrict up to eight enemies at once.


Message History

A phantom comes into view.
The phantom hits the plant.
The plant begins to die.
Found 2 scrolls labelled PITWAAJUCU.
The phantom hits the plant.
The plant begins to die.
The phantom hits the plant.
The plant begins to die.
Something hits the plant.
You open the door.
Found a whip.
There is an open door here.
Found a bloodstained altar of Trog.
There is an open door here.
You open the door.
There is an open door here.
Found a spear.
Found a broken altar of Ashenzari.
There is an open door here.
An orc priest comes into view. It is wielding a +0 flail.
The orc priest shouts!
A river rat comes into view.
An orc priest comes into view. It is wielding a +4 short sword.
The orc priest moves out of view.
An orc priest comes into view. It is wielding a +3 mace.
The orc priest calls down the wrath of Beogh upon you.
Beogh smites you!
Ouch! That really hurt!
* * * LOW HITPOINT WARNING * * *
The orc priest shouts!
Found an escape hatch in the floor.
An iguana comes into view.
The river rat misses you.
Okay, then.
As you read the scroll of fog, it crumbles to dust.
The scroll dissolves into smoke.
The river rat bites you.
* * * LOW HITPOINT WARNING * * *
You feel yourself speed up. The river rat barely misses you.
Found 17 gold pieces.
Found a sacrificial altar of Ru.
The orc priest calls down the wrath of Beogh upon you.
Pain shoots through your body!
Ouch! That really hurt!
You die...

**,,,,,,,.PP..P..................
,,,,,,,,,.PP..P....>.......####..
,,,,,**,,..P...P.................
,,,,,*,,,..P...P.................
,,,,,**,*...PP..P.........####...
,,,,,,,,,._..P..P..........r.....
,,,,,,,,,...PP..P........##.##...
,,,,,,,**#.PP..PP.....<..#####.#.
,,,,,,,,*..P..P.@.........# #r#.
**,****,,.PP..P........§§#####...
**,,**,,,.PP..P..5..r§§§§..##.>..
,,,****,,.P..PP......o§§§§##.....
,,,,,**,,............o§§§§.o.....
,,,,,**,,..##....#...§§§o§.......
,,,,,,,,*#,*#........§§§.........
,,,,,,,,,,,.$........###§........
,,,,,,,,,,*.........##...........


You could see 2 orc priests, a river rat and an ufetubus (wandering).

Vanquished Creatures
  An ufetubus (D:5)
1 creature vanquished.

Vanquished Creatures (others)
  19 plants (D:5)
19 creatures vanquished.

Grand Total: 20 creatures vanquished

Notes
Turn   | Place    | Note
-------+----------+-------------------------------------------
     0 | D:5      | Esekla the Octopode Delver began the quest for the Orb.
     0 | D:5      | Reached XP level 1. HP: 16/16 MP: 1/1
    11 | D:5      | Noticed an iguana
    50 | D:5      | Found a shadowy altar of Dithmenos.
    53 | D:5      | Noticed a phantom
    95 | D:5      | Found a bloodstained altar of Trog.
   115 | D:5      | Found a broken altar of Ashenzari.
   154 | D:5      | Noticed an orc priest
   154 | D:5      | Noticed an orc priest
   179 | D:5      | Noticed an orc priest
   182 | D:5      | Noticed an iguana
   190 | D:5      | Found a sacrificial altar of Ru.
   191 | D:5      | Killed from afar by an orc priest

Illustrated notes

Levels and vault maps discovered:
D:5:      wander_guarded_unrand_ratskin, layout_cave_pools,
          palyth_temple_overflow_mages, mainiacjoe_overflow_catch_the_wave,
          mainiacjoe_overflow_two_lobes, serial_shops, shop

Action                     || total
---------------------------++-------
  Melee: Falchion          ||     3
         Constrict         ||     1
         Tentacles         ||     1
    Use: Scroll            ||     3
         Potion            ||     1
 Armour: Skin              ||     2
  Dodge: Dodged            ||     5

Table legend: (Time is in decaauts)
 A = Elapsed time spent in this place.
 B = Non-inter-level travel time spent in this place.
 C = Inter-level travel time spent in this place.
 D = Time resting spent in this place.
 E = Time spent auto-exploring this place.
 F = Levels seen in this place.
 G = Mean time per level.
                   A        B        C        D        E       F      G
               +--------+--------+--------+--------+--------+-----+--------+
         Total |    189 |    189 |      0 |      0 |      0 |   1 |  189.0 |
       Dungeon |    189 |    189 |      0 |      0 |      0 |   1 |  189.0 |
               +--------+--------+--------+--------+--------+-----+--------+

Top non-repeatable levels by time:
     D:5: 189 daAuts
